 Dungeon Crawl Stone Soup version 0.29-a0-283-ga02f740833 (webtiles) character file.

Game seed: 1809136139895587179

27620 dlkfklde the Unseen (level 13, -1/66 HPs)
             Began as a Spriggan Enchanter on Mar 13, 2022.
             Was a High Priest of Dithmenos.
             Slain by a skeletal warrior
             ... wielding a +0 trident
             ... led by a death knight
              (25 damage)
             ... on level 12 of the Dungeon.
             The game lasted 00:49:35 (15878 turns).

dlkfklde the Unseen (Spriggan Enchanter)           Turns: 15878, Time: 00:49:36

Health: -1/66      AC:  4    Str:  8    XL:     13   Next: 5%
Magic:  9/31       EV: 27    Int: 17    God:    Dithmenos [*****.]
Gold:   899        SH:  0    Dex: 16    Spells: 27/38 levels left

rFire   + . .      SeeInvis +   E - +3 dagger (venom)
rCold   . . .      Faith    .   (no shield)
rNeg    + . .      Spirit   .   s - +0 robe {rN+}
rPois   .          Reflect  .   (helmet restricted)
rElec   .          Harm     .   e - +1 cloak
rCorr   .          Rampage  .   (gloves unavailable)
Will    ++...                   (boots unavailable)
Stlth   ++++++++++              j - amulet of magic regeneration
HPRegen 0.21/turn               m - +4 ring of evasion
MPRegen 0.62/turn               D - ring of protection from fire

@: wreathed by umbra, very quick
A: very small, no large weapons, unfitting armour, see invisible, speed 3
a: Renounce Religion, Shadow Step, Shadow Form


You were on level 12 of the Dungeon.
You worshipped Dithmenos.
Dithmenos was extremely pleased with you.
You visited 2 branches of the dungeon, and saw 13 of its levels.

You collected 899 gold pieces.

Inventory:

Hand Weapons
 a - a +2 dagger
 i - the +5 trident "Loruiffi" {venom, rElec Will- Int+3}
   (You found it on level 3 of the Dungeon)

   It poisons the flesh of those it strikes.
   Int:       It affects your intelligence (+3).
   rElec:     It insulates you from electricity.
   Will:      It decreases your willpower.
 C - a +1 dagger of speed
 E - a +3 dagger of venom (weapon)
Missiles
 v - 2 throwing nets (quivered)
 y - a curare-tipped dart
 F - 28 poisoned darts
Armour
 e - a +1 cloak (worn)
 s - a +0 robe of positive energy (worn)
 M - the -1 cloak of the Two of Cups {Rampage rC+}
   (You found it on level 11 of the Dungeon)

   rC:        It protects you from cold.
   Rampage:   It bestows one free step when moving towards enemies.
Jewellery
 j - an amulet of magic regeneration (around neck)
 m - a +4 ring of evasion (left hand)
 B - an amulet of the acrobat
 D - a ring of protection from fire (right hand)
Wands
 b - a wand of mindburst (38)
 u - a wand of flame (24)
 w - a wand of polymorph (10)
 A - a wand of digging (1)
 G - a wand of iceblast (1)
Scrolls
 f - 2 scrolls of teleportation
 q - 2 scrolls of amnesia
 x - 2 scrolls of fog
 z - 2 scrolls of fear
 I - a scroll of magic mapping
 L - a scroll of blinking
Potions
 c - 4 potions of invisibility
 d - 3 potions of lignification
 g - 5 potions of curing
 h - 7 potions of ambrosia
 k - 2 potions of cancellation
 l - a potion of haste
 n - 2 potions of resistance
 o - 6 potions of heal wounds
 p - 3 potions of brilliance
 r - 2 potions of mutation {unknown}
 t - 2 potions of berserk rage
 H - a potion of flight {unknown}
 J - a potion of might {unknown}
 K - a potion of degeneration {unknown}


   Skills:
 + Level 6.6 Fighting
 + Level 8.6 Short Blades
 + Level 10.5 Dodging
 + Level 15.0 Stealth
 + Level 13.1 Spellcasting
 + Level 13.2 Hexes


You had 27 spell levels left.
You knew the following spells:

 Your Spells              Type           Power      Damage    Failure   Level
a - Ensorcelled Hibernat  Hex/Ice        66%        N/A       1%          2
b - Tukima's Dance        Hex            54%        N/A       1%          3
c - Dazzling Flash        Conj/Hex       66%        N/A       1%          3
d - Confusing Touch       Hex            54%        N/A       1%          3

Your spell library contained the following spells:

 Spells                   Type           Power      Damage    Failure   Level
 Portal Projectile        Hex/Tloc       66%        N/A       1%          3
 Anguish                  Hex/Necr       16%        N/A       4%          4
 Leda's Liquefaction      Hex/Erth       16%        N/A       4%          4
 Shock                    Conj/Air       44%        1d5       6%          1
 Blink                    Tloc           22%        N/A       10%         2
 Corpse Rot               Necr/Air       22%        N/A       10%         2
 Poisonous Vapours        Pois/Air       22%        N/A       10%         2
 Sublimation of Blood     Necr           11%        N/A       10%         2
 Wereblood                Tmut           11%        N/A       10%         2
 Call Canine Familiar     Summ           11%        N/A       19%         3
 Gell's Gravitas          Tloc           11%        N/A       19%         3
 Lesser Beckoning         Tloc           11%        N/A       19%         3
 Spider Form              Tmut/Pois      11%        N/A       19%         3
 Swiftness                Air            11%        N/A       19%         3
 Teleport Other           Tloc           11%        N/A       19%         3
 Airstrike                Air            5%         N/A       52%         4
 Manifold Assault         Tloc           11%        N/A       86%         5
 Dispersal                Tloc           5%         N/A       100%        6
 Summon Hydra             Summ           5%         N/A       100%        7


Dungeon Overview and Level Annotations

Branches:
Dungeon (12/15)            Temple (1/1) D:5            Lair (0/6) D:8
    Orc (0/2) D:10

Altars:
Ashenzari
Dithmenos
Nemelex Xobeh
Trog
Zin

Shops:
D:8 *

Annotations:
D:6 3 runed translucent doors, paps's ghost, amateur DsGl
D:11 exclusion: orange crystal statue


Innate Abilities, Weirdness & Mutations

You are very small and have problems with some larger weapons.
You are too small for most types of armour.
You have supernaturally acute eyesight. (SInv)
You cover ground extremely quickly. (Speed+++)


Message History

Aiming: Tukima's Dance (safe; 1% risk of failure)
Press: ? - help, Shift-Dir - straight line, f/p - skeletal warrior
Aim: a skeletal warrior, wielding a +0 trident (umbra, chance to affect: 11%)
The skeletal warrior resists with almost no effort.
Unknown command.
Casting: Tukima's Dance (safe; 1% risk of failure)
Confirm with . or Enter, or press ? or * to list all spells.
Aiming: Tukima's Dance (safe; 1% risk of failure)
Press: ? - help, Shift-Dir - straight line, f/p - skeletal warrior
Aim: a skeletal warrior, wielding a +0 trident (umbra, chance to affect: 11%)
The skeletal warrior resists with almost no effort.
Unknown command.
Casting: Tukima's Dance (safe; 1% risk of failure)
Confirm with . or Enter, or press ? or * to list all spells.
Aiming: Tukima's Dance (safe; 1% risk of failure)
Press: ? - help, Shift-Dir - straight line, f/p - skeletal warrior
Aim: a skeletal warrior, wielding a +0 trident (umbra, chance to affect: 11%)
The skeletal warrior resists with almost no effort.
Unknown command.
Casting: Tukima's Dance (safe; 1% risk of failure)
Confirm with . or Enter, or press ? or * to list all spells.
Aiming: Tukima's Dance (safe; 1% risk of failure)
Press: ? - help, Shift-Dir - straight line, f/p - skeletal warrior
Aim: a skeletal warrior, wielding a +0 trident (umbra, chance to affect: 11%)
The skeletal warrior resists with almost no effort.
Casting: Tukima's Dance (safe; 1% risk of failure)
Confirm with . or Enter, or press ? or * to list all spells.
Aiming: Tukima's Dance (safe; 1% risk of failure)
Press: ? - help, Shift-Dir - straight line, f/p - skeletal warrior
Aim: a skeletal warrior, wielding a +0 trident (umbra, chance to affect: 11%)
The skeletal warrior resists with almost no effort.
The skeletal warrior hits you from afar with a +0 trident!
Casting: Tukima's Dance (safe; 1% risk of failure)
Confirm with . or Enter, or press ? or * to list all spells.
Aiming: Tukima's Dance (safe; 1% risk of failure)
Press: ? - help, Shift-Dir - straight line, f/p - skeletal warrior
Aim: a skeletal warrior, wielding a +0 trident (umbra, chance to affect: 11%)
The skeletal warrior resists with almost no effort.
The skeletal warrior hits you from afar with a +0 trident!!
You die...

.....#.#.#.#.#.#.#.......#.##.#
...#.#.#.#.#...#.#.........##.#
..............>........#.#.##.#
#..#...............#...#.####.#
##...#.#####......)##.....^##.#
##..#.......#.#.#....##.#.##.#
#...##.###....z........#.##.###
###......#...#.#.#.......#.#.....
#..#####..#.....@..........#.####
#..# #.....#.#.#.###.......# #
#..# #..#........#<#.##..### #.##
#.........#)#.#####.# ###
####....####.#.#.# #.#
##...###..#.......# #.# #)..(#
##........## #.# ######
##..#....######.#
##...#.........###


You could see a skeletal warrior.

Vanquished Creatures
  2 hydras
  3 boulder beetles
  3 centaur warriors
  7 two-headed ogres
  A death knight (D:12)
  A skeletal warrior (D:12)
  A phantasmal warrior (D:12)
  A manticore (D:11)
  2 cyclopes (D:12)
  Maurice (D:8)
  A gargoyle (D:10)
  Maggie (D:7)
  A queen bee (D:9)
  2 hornets
  9 slime creatures
  2 wraiths (D:11)
  A centaur simulacrum (D:12)
  4 wyverns
  31 yaks
  A steam dragon (D:8)
  4 vampire mosquitoes
  A warg (D:10)
  An acid dragon (D:11)
  3 water moccasins
  8 orc warriors
  2 sky beasts (D:7)
  8 ice beasts
  4 ogres
  3 centaurs
  3 phantoms
  2 bullfrogs
  3 kobold brigands
  A gnoll sergeant (D:10)
  3 scorpions (D:5)
  2 wights (D:8)
  21 killer bees
  3 howler monkeys
  3 hounds
  A gnoll shaman (D:6)
  6 orc priests
  4 jellies
  5 iguanas
  Ijyb (D:5)
  14 orc wizards
  13 gnolls
  5 adders
  A shadow imp (D:8)
  2 white imps
  3 ufetubi
  A worm (D:2)
  4 dart slugs
  33 orcs
  7 ball pythons
  3 bats
  3 endoplasms
  A giant cockroach (D:3)
  5 goblins
  A hobgoblin (D:4)
  6 jackals
  2 quokkas
  6 frilled lizards
  15 kobolds
  5 rats
297 creatures vanquished.

Vanquished Creatures (collateral kills)
  An orc warrior (D:10)
  A gnoll sergeant (D:7)
  14 wights
  A gnoll (D:6)
  4 orcs
  An endoplasm (D:1)
  A goblin (D:1)
  3 kobolds
26 creatures vanquished.

Vanquished Creatures (others)
  11 dancing weapons
  A plant (D:1)
12 creatures vanquished.

Grand Total: 335 creatures vanquished

Notes
Turn   | Place    | Note
-------+----------+-------------------------------------------
     0 | D:1      | dlkfklde the Spriggan Enchanter began the quest for the
                  | Orb.
     0 | D:1      | Reached XP level 1. HP: 9/9 MP: 5/5
   273 | D:1      | Found a faded altar of an unknown god.
   483 | D:1      | Reached XP level 2. HP: 11/13 MP: 7/7
   486 | D:1      | Learned a level 2 spell: Ensorcelled Hibernation
  1228 | D:2      | Reached XP level 3. HP: 16/16 MP: 9/9
  1232 | D:2      | Learned a level 3 spell: Tukima's Dance
  1236 | D:2      | Learned a level 3 spell: Confusing Touch
  2189 | D:3      | Identified the +5 trident "Loruiffi" {venom, rElec Will-
                  | Int+3}
  2450 | D:3      | Reached XP level 4. HP: 21/21 MP: 11/11
  2475 | D:3      | Found a glowing silver altar of Zin.
  2584 | D:3      | Noticed a phantom
  2597 | D:3      | Killed a phantom
  2598 | D:3      | Reached skill level 5 in Spellcasting
  2598 | D:3      | Reached skill level 5 in Hexes
  2598 | D:3      | Reached XP level 5. HP: 21/24 MP: 11/13
  2887 | D:4      | Noticed a phantom
  2914 | D:4      | Killed a phantom
  2997 | D:4      | Reached XP level 6. HP: 18/28 MP: 15/15
  3669 | D:5      | Entered Level 5 of the Dungeon
  3697 | D:5      | Reached XP level 7. HP: 32/32 MP: 18/18
  3824 | D:5      | Reached skill level 5 in Stealth
  4013 | D:5      | Reached skill level 6 in Stealth
  4174 | D:5      | Found a staircase to the Ecumenical Temple.
  4190 | Temple   | Entered the Ecumenical Temple
  4214 | Temple   | Became a worshipper of Dithmenos the Shadowed
  4429 | D:5      | Noticed Ijyb
  4612 | D:5      | Killed Ijyb
  4773 | D:5      | Reached XP level 8. HP: 30/36 MP: 20/20
  4877 | D:5      | Reached skill level 7 in Stealth
  5188 | D:6      | Learned a level 3 spell: Dazzling Flash
  5425 | D:6      | Reached skill level 8 in Stealth
  6533 | D:6      | Reached skill level 9 in Stealth
  6553 | D:6      | Found a runed translucent gate.
  6553 | D:6      | Found a runed translucent gate.
  6556 | D:6      | Found a runed translucent gate.
  6562 | D:6      | Noticed paps's ghost (amateur DsGl)
  6796 | D:7      | Reached XP level 9. HP: 33/39 MP: 16/23
  7105 | D:7      | Noticed Maggie
  7111 | D:7      | Killed Maggie
  7112 | D:7      | Reached skill level 1 in Fighting
  7255 | D:7      | Reached * piety under Dithmenos
  7273 | D:7      | Reached skill level 10 in Stealth
  7275 | D:7      | Reached skill level 10 in Hexes
  7610 | D:7      | Reached skill level 10 in Spellcasting
  8162 | D:8      | Found Wapramib's Elemental Accessories.
  8250 | D:8      | Noticed Maurice
  8258 | D:8      | Reached skill level 5 in Dodging
  8277 | D:8      | Killed Maurice
  8278 | D:8      | Reached XP level 10. HP: 33/47 MP: 22/25
  8389 | D:8      | Reached ** piety under Dithmenos
  8438 | D:8      | Reached skill level 11 in Stealth
  9034 | D:8      | Found a staircase to the Lair.
  9433 | D:8      | Reached *** piety under Dithmenos
  9630 | D:9      | Reached skill level 5 in Short Blades
  9631 | D:9      | Noticed a two-headed ogre
  9659 | D:9      | Killed a two-headed ogre
  9660 | D:9      | Reached skill level 12 in Stealth
  9917 | D:9      | Noticed a two-headed ogre
  9924 | D:9      | Killed a two-headed ogre
 10028 | D:9      | Reached XP level 11. HP: 22/53 MP: 21/27
 10311 | D:9      | Noticed a two-headed ogre
 10312 | D:9      | Noticed a centaur warrior
 10312 | D:9      | Noticed a six-headed hydra
 10313 | D:9      | Noticed a boulder beetle
 10472 | D:9      | Killed a boulder beetle
 10490 | D:9      | Killed a centaur warrior
 10727 | D:9      | Killed a two-headed ogre
 10868 | D:9      | Killed a six-headed hydra
 10892 | D:9      | Reached skill level 13 in Stealth
 10949 | D:9      | Found a glowing silver altar of Zin.
 11093 | D:8      | Reached **** piety under Dithmenos
 11473 | D:9      | Reached skill level 5 in Fighting
 11852 | D:10     | Entered Level 10 of the Dungeon
 12465 | D:10     | Found a staircase to the Orcish Mines.
 12785 | D:10     | Reached XP level 12. HP: 30/60 MP: 18/29
 13144 | D:10     | Reached ***** piety under Dithmenos
 13684 | D:11     | Reached skill level 14 in Stealth
 13726 | D:11     | Noticed a two-headed ogre
 13737 | D:11     | Killed a two-headed ogre
 13780 | D:11     | Noticed a two-headed ogre
 13784 | D:11     | Killed a two-headed ogre
 14004 | D:11     | Noticed a boulder beetle
 14009 | D:11     | Killed a boulder beetle
 14131 | D:11     | Identified the -1 cloak of the Two of Cups {Rampage rC+}
 14697 | D:12     | Noticed a six-headed hydra
 14702 | D:12     | Noticed a two-headed ogre
 14703 | D:12     | Killed a six-headed hydra
 15028 | D:12     | Noticed a two-headed ogre
 15285 | D:12     | Killed a two-headed ogre
 15286 | D:12     | Reached skill level 10 in Dodging
 15445 | D:12     | Killed a two-headed ogre
 15554 | D:12     | Noticed a centaur warrior
 15557 | D:12     | Killed a centaur warrior
 15579 | D:12     | Noticed a centaur warrior
 15584 | D:12     | Killed a centaur warrior
 15618 | D:12     | Noticed a boulder beetle
 15625 | D:12     | Killed a boulder beetle
 15772 | D:12     | Noticed a death knight
 15775 | D:12     | Reached skill level 15 in Stealth
 15775 | D:12     | Reached XP level 13. HP: 61/66 MP: 27/31
 15878 | D:12     | Slain by a skeletal warrior

Illustrated notes

Levels and vault maps discovered:
D:1:      amcnicky_arrival_abandoned_market, layout_basic,
          dreamdust_ecumenical_altar_grove
D:2:      layout_basic
D:3:      layout_rooms, kennysheep_flooded_box, corexii_leaking_fountain,
          hex_tiny, minmay_misc_feat_rugged
D:4:      layout_rooms
D:5:      layout_gridville, minmay_temple_entry_overgrown, uniq_ijyb
D:6:      layout_basic, gammafunk_ghost_split, hangedman_abyss_or_decor_stagger,
          wad_floor_pattern_untrapped, minmay_misc_feat_enclosed
D:7:      layout_basic, st_stairs_11, kennysheep_generic_room_13, uniq_maggie
D:8:      layout_gridville, lair_entry_dummy, minivault_27,
          nicolae_elemental_shop, minmay_joined_circles, uniq_maurice
D:9:      layout_basic, zin_academy, special_room [special_room_bee],
          grunt_tough_drop
D:10:     layout_loops_ring, david_orc_1_choice, serial_ice, serial_ice_f,
          serial_ice_d, serial_ice_o, serial_ice_n, grunt_ministairs_1
D:11:     layout_grid_maze, minivault_15, hangedman_decor_opposing
D:12:     minmay_inside_and_out, layout_basic, serial_co_window_serial,
          co_window_paths_a, co_window_corner_a, co_window_paths_b,
          co_window_paths_b, co_window_corner_a, co_window_of_opportunity_c,
          co_window_broadway_c, co_window_corner_b, co_window_2corner,
          co_window_2corner, glass_columns_b, glass_columns_a, serial_shops,
          shop_statue
Temple:   mainiacjoe_temple_circle_huts

Skill      XL: |  1  2  3  4  5  6  7  8  9 10 11 12 |
---------------+-------------------------------------+-----
Spellcasting   | 3 4 5 6 7 9 10 11 12 13 | 13.1
Hexes          | 4 5 6 7 8 9 10 11 12 13 | 13.2
Stealth        | 6 9 10 12 13 15 | 15.0
Dodging        | 5 7 8 10 | 10.5
Fighting       | 2 4 5 6 |  6.6
Short Blades   | 3 5 7 8 |  8.6

Action                   |  1- 3 |  4- 6 |  7- 9 | 10-12 | 13-15 || total
-------------------------+-------+-------+-------+-------+-------++-------
Melee: Dagger            |    85 |     6 |   160 |   300 |     6 ||   557
       Trident           |     5 |    93 |    61 |       |       ||   159
       Punch             |       |       |     4 |     5 |       ||     9
 Cast: Ensorcelled Hiber |    13 |       |    68 |   176 |       ||   257
       Tukima's Dance    |     1 |     2 |    22 |    24 |    18 ||    67
       Confusing Touch   |       |     2 |     5 |    17 |     1 ||    25
Invok: Shadow Step       |       |       |       |     1 |       ||     1
Evoke: Wand              |       |       |       |     2 |       ||     2
  Use: Scroll            |     8 |     2 |     2 |    12 |       ||    24
       Potion            |       |     2 |       |     1 |     1 ||     4
 Stab: Sleeping          |    12 |     5 |    50 |   122 |     1 ||   190
       Distracted        |     1 |       |     1 |     2 |       ||     4
       Invisible         |       |     2 |       |       |       ||     2
       Confused          |       |       |     4 |    16 |       ||    20
Armor: Robe              |     9 |     6 |    19 |    17 |       ||    51
Dodge: Dodged            |    56 |    96 |   225 |   338 |     3 ||   718

Table legend: (Time is in decaauts)
 A = Elapsed time spent in this place.
 B = Non-inter-level travel time spent in this place.
 C = Inter-level travel time spent in this place.
 D = Time resting spent in this place.
 E = Time spent auto-exploring this place.
 F = Levels seen in this place.
 G = Mean time per level.
                   A        B        C        D        E       F      G
               +--------+--------+--------+--------+--------+-----+--------+
         Total |  12560 |  12237 |    323 |   2600 |   7206 |  13 |  966.2 |
       Dungeon |  12536 |  12220 |    316 |   2600 |   7197 |  12 | 1044.7 |
        Temple |     23 |     16 |      7 |      0 |      9 |   1 |   23.0 |
               +--------+--------+--------+--------+--------+-----+--------+

Top non-repeatable levels by time:
     D:9: 1661 daAuts
     D:7: 1404 daAuts
     D:5: 1384 daAuts
    D:11: 1249 daAuts
     D:6: 1138 daAuts
     D:8: 1135 daAuts
    D:10: 1099 daAuts
     D:2: 878 daAuts
     D:3: 686 daAuts
    D:12: 672 daAuts
     D:4: 633 daAuts
     D:1: 591 daAuts
  Temple: 23 daAuts
